 Dungeon Crawl Stone Soup version 0.28-a0-1389-gc726bef33b (webtiles) character file.

Game seed: 4740178996891031458

463 SensoryNuts the Skirmisher (level 6, 0/49 HPs)
             Began as a Demonspawn Fighter on Jan 4, 2022.
             Was an Initiate of Gozag.
             Slain by a gnoll sergeant (12 damage)
             ... on level 5 of the Dungeon.
             The game lasted 00:05:38 (6501 turns).

SensoryNuts the Skirmisher (Demonspawn Fighter)     Turns: 6501, Time: 00:05:39

Health: 0/49       AC:  6    Str: 16 (18) XL:     6   Next: 79%
Magic:  6/6        EV: 13    Int:  8 (10) God:    Gozag
Gold:   164        SH:  5    Dex: 10 (12) Spells: 5/5 levels left

rFire   . . .      SeeInvis .   a - +0 long sword
rCold   . . .      Faith    .   c - +1 buckler
rNeg    . . .      Spirit   .   e - +0 leather armour {rPois}
rPois   +          Reflect  .   j - +2 hat
rElec   .          Harm     .   k - +0 cloak
rCorr   .          Rampage  .   (no gloves)
Will    .....                   (no boots)
Stlth   +.........              m - amulet of regeneration
HPRegen 0.96/turn               (no ring)
MPRegen 0.10/turn               (no ring)

@: mighty, gold aura
A: hooves 1, repulsion field 1
a: Renounce Religion, Potion Petition, Call Merchant, Bribe Branch


You were on level 5 of the Dungeon.
You worshipped Gozag.
Gozag was aware of your devotion.
You visited 2 branches of the dungeon, and saw 6 of its levels.

You collected 224 gold pieces.
You paid 60 gold pieces to Gozag.

Inventory:

Hand Weapons
 a - a +0 long sword (weapon)
Armour
 b - a +0 scale mail
 c - a +1 buckler (worn)
 e - a +0 leather armour of poison resistance (worn)
 j - a +2 hat (worn)
 k - a +0 cloak (worn)
Jewellery
 m - an amulet of regeneration (around neck)
 n - a ring of poison resistance
Wands
 q - a wand of mindburst (10)
Scrolls
 f - 2 scrolls of magic mapping
 g - a scroll of amnesia
 i - a scroll of noise
 l - 3 scrolls of immolation
 p - a scroll of teleportation


   Skills:
 + Level 4.4 Fighting
 + Level 4.3 Long Blades
 + Level 3.7 Armour
 + Level 2.2 Dodging
 + Level 0.6 Stealth
 + Level 3.1 Shields


You had 5 spell levels left.
You didn't know any spells.
Your spell library contained the following spells:

 Spells                   Type           Power      Damage    Failure   Level
 Ensorcelled Hibernation  Hex/Ice        0%         N/A       65%         2
 Spider Form              Tmut/Pois      0%         N/A       86%         3
 Stone Arrow              Conj/Erth      0%         3d7       86%         3
 Animate Armour           Summ/Erth      0%         N/A       99%         4
 Dispel Undead            Necr           0%         3d6       99%         4
 Lehudib's Crystal Spear  Conj/Erth      0%         10d2      100%        8


Dungeon Overview and Level Annotations

Branches:
Dungeon (5/15)             Temple (1/1) D:4

Altars:
Ashenzari
Cheibriados
Dithmenos
Elyvilon
Fedhas
Gozag
Hepliaklqana
Kikubaaqudgha
Makhleb
Nemelex Xobeh
Okawaru
Qazlal
Ru
Sif Muna
Uskayaw
Vehumet
Wu Jian
Xom
Yredelemnul
Zin
The Shining One

Annotations:
D:4 Prince Ribbit


Innate Abilities, Weirdness & Mutations

You have large cloven feet.
You are surrounded by a mild repulsion field. (EV +2)


Message History

The gnoll sergeant hits you from afar with a +2 vampiric trident!
You closely miss the iguana. Your kick misses the iguana.
The iguana is moderately wounded.
The iguana bites you but does no damage.
The gnoll sergeant hits you from afar with a +2 vampiric trident.
You hit the iguana.
The iguana is severely wounded.
The iguana hisses menacingly.
The iguana barely misses you.
The gnoll is distracted by your dazzling golden aura.
The gnoll sergeant hits you from afar with a +2 vampiric trident.
The gnoll shouts!
You hit the iguana.
You kill the iguana!
You hear a shout!
The gnoll is no longer distracted by gold.
The gnoll is distracted by your dazzling golden aura.
The gnoll sergeant hits you from afar with a +2 vampiric trident!
* * * LOW HITPOINT WARNING * * *
You feel better.
The gnoll sergeant hits you from afar with a +2 vampiric trident.
The gnoll is distracted by your dazzling golden aura.
You feel very mighty all of a sudden.
The gnoll sergeant is distracted by your dazzling golden aura.
The gnoll sergeant is no longer distracted by gold.
The gnoll sergeant is distracted by your dazzling golden aura.
The gnoll is no longer distracted by gold.
Okay, then.
The gnoll is no longer distracted by gold.
The gnoll sergeant is no longer distracted by gold.
You block the gnoll sergeant's attack.
The gnoll sergeant hits you with a +2 vampiric trident!
* * * LOW HITPOINT WARNING * * *
Things that are here:
13 gold pieces; a +0 flail You hit the gnoll sergeant.
The gnoll sergeant is lightly wounded.
The gnoll sergeant hits you with a +2 vampiric trident!
You die...
Your body crumbles into a pile of gold.

###.# ##....O....#
.....##...$....#.#
.....#.......g.#$#
..............##.#
.......#.>....g#.#
......<#.......gg#
...............#O#
$
.....#........##g#
#..#.##.#....###@#
#..#....#..### #.#
#. .........# #.#
#........#.... #.#
......#.#..[....#
........###.....#
........ #.....#
..[... .......#
... #######>.


You could see an ogre, a gnoll sergeant and 2 gnolls.

Vanquished Creatures
  Sigmund (D:3)
  An ice beast (D:4)
  An orc priest (D:3)
  An iguana (D:5)
  Terence (D:3)
  A gnoll (D:5)
  4 adders
  3 worms (D:2)
  5 dart slugs
  5 orcs (D:3)
  5 bats
  7 endoplasms
  4 giant cockroaches
  2 goblins
  7 hobgoblins
  11 kobolds
  2 quokkas (D:2)
  8 ball pythons
  5 frilled lizards
  A rat (D:1)
75 creatures vanquished.

Notes
Turn   | Place    | Note
-------+----------+-------------------------------------------
     0 | D:1      | SensoryNuts the Demonspawn Fighter began the quest for the
                  | Orb.
     0 | D:1      | Reached XP level 1. HP: 18/18 MP: 1/1
   295 | D:1      | Gained mutation: You have large cloven feet. [demonic
                  | ancestry]
   295 | D:1      | Reached XP level 2. HP: 11/24 MP: 2/2
  1290 | D:1      | Reached XP level 3. HP: 28/29 MP: 3/3
  2226 | D:2      | Reached skill level 1 in Dodging
  2318 | D:2      | Reached XP level 4. HP: 29/37 MP: 4/4
  3015 | D:3      | Noticed Sigmund
  3032 | D:3      | Killed Sigmund
  3033 | D:3      | Reached XP level 5. HP: 18/42 MP: 5/5
  3579 | D:3      | Gained mutation: You are surrounded by a mild repulsion
                  | field. (EV +2) [demonic ancestry]
  3579 | D:3      | Reached XP level 6. HP: 45/48 MP: 6/6
  3954 | D:3      | Noticed Terence
  3965 | D:3      | Killed Terence
  4146 | D:3      | Got the Catalogue of the Endless Nightmares
  4863 | D:4      | Found a staircase to the Ecumenical Temple.
  4870 | D:4      | Noticed an ice beast
  4878 | D:4      | Killed an ice beast
  4888 | Temple   | Entered the Ecumenical Temple
  5341 | Temple   | Became a worshipper of Gozag Ym Sagoz the Greedy
  6281 | D:5      | Entered Level 5 of the Dungeon
  6281 | D:5      | Noticed Prince Ribbit
  6501 | D:5      | Slain by a gnoll sergeant

Illustrated notes

Levels and vault maps discovered:
D:1:      dpeg_chamrin_arrival_tetris, layout_loops_ring,
          minmay_misc_feat_tower, minmay_tetromino_t4
D:2:      layout_loops_ring
D:3:      layout_basic, uniq_sigmund, uniq_terence
D:4:      layout_loops_corners, minmay_temple_entry_large_hall, moated_statue
D:5:      kb_forest_paths, layout_rooms, lemuel_another_geyser, uniq_ijyb,
          uniq_prince_ribbit1
Temple:   mainiacjoe_temple_trianglar_array

Skill      XL: |  1  2  3  4  5  6 |
---------------+-------------------+-----
Armour         | 3 |  3.7
Long Blades    | 2 3 4 |  4.3
Dodging        | 1 2 |  2.2
Fighting       | 4 |  4.4
Shields        | 3 |  3.1
Stealth        | |  0.6

Action                   |  1- 3 |  4- 6 || total
-------------------------+-------+-------++-------
Melee: Long sword        |   115 |   148 ||   263
       Kick              |    15 |    40 ||    55
  Use: Scroll            |       |     6 ||     6
       Potion            |       |     7 ||     7
Armor: Scale mail        |    27 |       ||    27
       Leather armour    |    23 |    45 ||    68
Dodge: Dodged            |    77 |    79 ||   156
Block: Buckler           |    34 |    36 ||    70

Table legend: (Time is in decaauts)
 A = Elapsed time spent in this place.
 B = Non-inter-level travel time spent in this place.
 C = Inter-level travel time spent in this place.
 D = Time resting spent in this place.
 E = Time spent auto-exploring this place.
 F = Levels seen in this place.
 G = Mean time per level.
                   A        B        C        D        E       F      G
               +--------+--------+--------+--------+--------+-----+--------+
         Total |   6578 |   6137 |    441 |    665 |   4758 |   6 | 1096.3 |
       Dungeon |   6097 |   5724 |    373 |    665 |   4348 |   5 | 1219.4 |
        Temple |    480 |    412 |     68 |      0 |    410 |   1 |  480.0 |
               +--------+--------+--------+--------+--------+-----+--------+

Top non-repeatable levels by time:
     D:1: 1797 daAuts
     D:3: 1790 daAuts
     D:4: 1275 daAuts
     D:2: 1134 daAuts
  Temple: 480 daAuts
     D:5: 100 daAuts
